[Event "Wednesday Jan 31 Engine Tour 9 Rd Swiss 12m+1s Starts at 1600hrs ST"]
[Site "Infinity Chess"]
[Date "2018.1.31"]
[Round "6"]
[White "Vimtiroba"]
[Black "Ryzen"]
[Result "1/2-1/2"]
[ECO "B01"]
[WhiteElo "2464"]
[BlackElo "2386"]
[WhiteEngine "SF@J30 cc_CTG"]
[BlackEngine "Houdini 6"]
[EventType "Swiss"]
[WhiteTeam ""]
[BlackTeam ""]
[PlyCount "156"]
[TimeControl "720+1"]

1. e4 d5 2. exd5 Qxd5 3. Nc3 Qd8 4. d4 Nf6 5. Nf3 e6 6. Bd3 Be7 7. Bf4 Nc6 
8. a3 O-O 9. Qd2 a6 10. O-O b5 11. Qe3 Bb7 12. Rfd1 Qd7 13. Ne5 Qe8 14. a4 b4 
15. Ne2 Rd8 16. c3 Nd5 17. Qh3 h6 18. Nxc6 Bxc6 19. Bd2 bxc3 20. bxc3 a5 
21. Re1 Qd7 22. Bc2 Bd6 23. Nc1 Bf4 24. Nb3 Bxd2 25. Qd3 Nf6 26. Qxd2 Bd5 
27. Nc5 Qd6 28. Qd3 Rb8 29. c4 Bc6 30. h3 Rfd8 31. Rad1 Rb4 32. Qc3 Ba8 
33. Re5 Qb6 34. Rd2 Bc6 35. Rd3 Ba8 36. Rg3 Qd6 37. Qd3 Re8 38. Qc3 Rd8 
39. Rge3 Kf8 40. Rd3 Qb6 41. Rd2 Kg8 42. Qd3 Kf8 43. f3 Bc6 44. Qc3 Rb2 
45. Nb3 Ra2 46. Nc1 Rb2 47. Rxa5 Rxc2 48. Rxc2 Rxd4 49. Kh2 Rd1 50. c5 Qb1 
51. Ra6 Bb7 52. Rb2 Qf5 53. Rxb7 Nd5 54. Ra8+ Ke7 55. Rxc7+ Nxc7 56. Ra7 Qf4+ 
57. g3 Qd2+ 58. Qxd2 Rxd2+ 59. Kg1 Kd8 60. Nb3 Rc2 61. Nd4 Rxc5 62. Nb5 Kc8 
63. Nxc7 Rxc7 64. Ra8+ Kb7 65. Rg8 g6 66. g4 Kc6 67. Kf2 Ra7 68. h4 Rxa4 
69. Rg7 Rf4 70. Rh7 e5 71. Kg3 Kd5 72. Rxh6 Kd4 73. h5 Ke3 74. hxg6 fxg6 
75. Rxg6 Rxf3+ 76. Kh4 e4 77. g5 Rf2 78. Ra6 Rg2 1/2-1/2

[Event "Wednesday Jan 31 Engine Tour 9 Rd Swiss 12m+1s Starts at 1600hrs ST"]
[Site "Infinity Chess"]
[Date "2018.1.31"]
[Round "6"]
[White "Ninja_Bp"]
[Black "Cepri"]
[Result "1/2-1/2"]
[ECO "A05"]
[WhiteElo "2475"]
[BlackElo "2421"]
[WhiteEngine "Houdini 6_CTG"]
[BlackEngine "asmFishW_07N17_CTG"]
[EventType "Swiss"]
[WhiteTeam ""]
[BlackTeam ""]
[PlyCount "160"]
[TimeControl "720+1"]

1. Nf3 Nf6 2. d4 d5 3. c4 e6 4. Nc3 c6 5. e3 Nbd7 6. Qc2 Bd6 7. Bd3 dxc4 
8. Bxc4 O-O 9. O-O a6 10. Rd1 b5 11. Bd3 Bb7 12. Ng5 h6 13. Nge4 Bc7 14. b3 Qe7 
15. a4 Rac8 16. Nxf6+ Nxf6 17. Bb2 Bxh2+ 18. Kxh2 Ng4+ 19. Kg3 f5 20. f4 c5 
21. axb5 Nxe3 22. Qe2 cxd4 23. bxa6 Ba8 24. Ba3 Qf6 25. Bxf8 e5 26. Bc4+ Rxc4 
27. bxc4 Qg6+ 28. Kh2 Ng4+ 29. Kg1 Qh5 30. Qxg4 fxg4 31. Ne2 Qg6 32. Ra2 Qe4 
33. Nxd4 exd4 34. Bc5 d3 35. Rad2 g3 36. f5 Qxc4 37. Be3 Qxa6 38. Bf4 Qb6+ 
39. Kh1 Be4 40. Bxg3 Qe3 41. Kh2 Bxf5 42. Bf2 Qf4+ 43. Kg1 h5 44. Rxd3 Bxd3 
45. Rxd3 Qc1+ 46. Kh2 Qf4+ 47. Kg1 Qc1+ 48. Kh2 g5 49. Be3 Qc4 50. Rd8+ Kf7 
51. Bxg5 Kg6 52. Rf8 Kxg5 53. Rf3 h4 54. Rh3 Qb4 55. Rf3 Qd2 56. Kg1 Qd1+ 
57. Kh2 Qd6+ 58. Kg1 Qd4+ 59. Kh2 Qd6+ 60. Kg1 Qb8 61. Rh3 Qb1+ 62. Kf2 Kg4 
63. Rf3 Qc2+ 64. Kf1 Qb1+ 65. Kf2 Qb2+ 66. Kg1 Qd4+ 67. Kh2 Qe5+ 68. Kg1 Qe1+ 
69. Kh2 Qe5+ 70. Kg1 Qc5+ 71. Kf1 Qc1+ 72. Kf2 Qb2+ 73. Kg1 Qb8 74. Kf2 Qb6+ 
75. Kf1 Qb5+ 76. Kg1 Qc5+ 77. Kf1 Qc4+ 78. Kf2 Qc6 79. Kg1 Qc1+ 80. Kf2 Qd2+ 
1/2-1/2

[Event "Wednesday Jan 31 Engine Tour 9 Rd Swiss 12m+1s Starts at 1600hrs ST"]
[Site "Infinity Chess"]
[Date "2018.1.31"]
[Round "6"]
[White "hafaba"]
[Black "Eman"]
[Result "1/2-1/2"]
[ECO "A06"]
[WhiteElo "2447"]
[BlackElo "2484"]
[WhiteEngine "SF_SL_FA_64BIT_POPCNT_CTG"]
[BlackEngine "Eman 1.69 64-bit POPCNT"]
[EventType "Swiss"]
[WhiteTeam ""]
[BlackTeam ""]
[PlyCount "112"]
[TimeControl "720+1"]

1. Nf3 d5 2. d4 Nf6 3. c4 e6 4. Nc3 c6 5. e3 Nbd7 6. Qc2 Bd6 7. Bd3 O-O 
8. O-O dxc4 9. Bxc4 b5 10. Be2 Bb7 11. e4 e5 12. Rd1 Qc7 13. Bg5 exd4 
14. Rxd4 Ne5 15. g3 Bc5 16. Bxf6 gxf6 17. Rdd1 Qb6 18. Rf1 Rad8 19. Rac1 Rfe8 
20. a3 a5 21. Kg2 Bf8 22. Rcd1 Rxd1 23. Nxd1 c5 24. Nc3 c4 25. Nxe5 Rxe5 
26. a4 f5 27. axb5 Rxb5 28. Qd1 Re5 29. Bxc4 fxe4 30. Qg4+ Qg6 31. Qd7 Re7 
32. Qd4 Qf5 33. Nd5 Bxd5 34. Qxd5 Re5 35. Qd1 Rc5 36. Ba6 h5 37. h4 Qg6 
38. Be2 Qf5 39. Qb3 Qf6 40. Bd1 Qf5 41. Qe3 Re5 42. f3 Bc5 43. Qe2 exf3+ 
44. Qxf3 Qe6 45. Qf6 Qxf6 46. Rxf6 Kg7 47. Rf4 Rd5 48. Bf3 Rd2+ 49. Kh3 Bd6 
50. Rf5 Rxb2 51. Rxa5 Rb3 52. Rg5+ Kf8 53. Bxh5 Rd3 54. Be2 f6 55. Rg8+ Kxg8 
56. Bxd3 Bxg3 1/2-1/2

[Event "Wednesday Jan 31 Engine Tour 9 Rd Swiss 12m+1s Starts at 1600hrs ST"]
[Site "Infinity Chess"]
[Date "2018.1.31"]
[Round "6"]
[White "angriff"]
[Black "Time_bandit"]
[Result "1/2-1/2"]
[ECO "D21"]
[WhiteElo "2438"]
[BlackElo "2487"]
[WhiteEngine "SF_SL_FA_64BIT_POPCNT_CTG"]
[BlackEngine "asmfish-popcnt-012018-W"]
[EventType "Swiss"]
[WhiteTeam ""]
[BlackTeam ""]
[PlyCount "126"]
[TimeControl "720+1"]

1. d4 d5 2. c4 dxc4 3. Nf3 e6 4. e3 Nf6 5. Bxc4 c5 6. O-O Nc6 7. Qe2 a6 
8. Rd1 b5 9. dxc5 Qc7 10. Bd3 Bxc5 11. a4 bxa4 12. Rxa4 Nb4 13. Bb5+ Bd7 
14. Bd2 Rd8 15. Bxd7+ Qxd7 16. Nc3 O-O 17. Qc4 Qe7 18. Ne4 Nxe4 19. Qxe4 Bd6 
20. Bc3 Nd5 21. g3 Nxc3 22. bxc3 a5 23. Nd4 Bc7 24. Rb1 Qc5 25. Qc6 Qxc6 
26. Nxc6 Ra8 27. Rb7 Bd8 28. Kf1 g6 29. c4 Rc8 30. Ne5 Rc7 31. Rb5 f6 
32. Nf3 Rc8 33. Nd4 Re8 34. Nb3 Re7 35. Ke2 e5 36. Kd3 Ra7 37. Nd2 Kf7 
38. Ne4 Rd7+ 39. Kc2 f5 40. Nc3 Rdc7 41. Kb3 Rc5 42. Rb7+ R5c7 43. Rb5 Rc5 
44. f3 Ke6 45. g4 fxg4 46. fxg4 R8c6 47. h3 h5 48. gxh5 gxh5 49. Rb7 Rb6+ 
50. Rxb6+ Bxb6 51. Ra2 Rc8 52. Nd5 Bd8 53. Rg2 Rb8+ 54. Kc3 Bh4 55. Kd3 Kd6 
56. Rg7 Be1 57. Ke4 Bb4 58. h4 Kc5 59. Rc7+ Kd6 60. Rh7 Kc5 61. Rc7+ Kd6 
62. Kd3 Be1 63. Ke4 Bb4 1/2-1/2

[Event "Wednesday Jan 31 Engine Tour 9 Rd Swiss 12m+1s Starts at 1600hrs ST"]
[Site "Infinity Chess"]
[Date "2018.1.31"]
[Round "6"]
[White "MarioDeMonti"]
[Black "tris77"]
[Result "1/2-1/2"]
[ECO "B49"]
[WhiteElo "2487"]
[BlackElo "2424"]
[WhiteEngine "stockfish_x64_bmi2_2018_01_23_CTG"]
[BlackEngine "stockfish_18012814_x64_modern_CTG"]
[EventType "Swiss"]
[WhiteTeam ""]
[BlackTeam ""]
[PlyCount "172"]
[TimeControl "720+1"]

1. e4 c5 2. Nf3 Nc6 3. d4 cxd4 4. Nxd4 e6 5. Nc3 Qc7 6. Be3 a6 7. Qd2 Nf6 
8. O-O-O Be7 9. f3 b5 10. g4 Bb7 11. Bf4 d6 12. Nxc6 Qxc6 13. Kb1 Rd8 14. g5 Nh5 
15. Be3 O-O 16. Ne2 g6 17. Bh3 Ng7 18. Bg4 Qc7 19. h4 d5 20. e5 d4 21. Bxd4 Rd7 
22. Qe3 Rc8 23. Rd2 Qc6 24. Rhd1 a5 25. f4 Nf5 26. Bxf5 gxf5 27. Ng3 Qf3 
28. Qxf3 Bxf3 29. Bc3 Rxd2 30. Rxd2 a4 31. a3 h6 32. Rf2 Bg4 33. Bd4 Kg7 
34. Ne2 Rd8 35. c3 Kg6 36. Kc2 Kh5 37. Kd2 Kg6 38. Kd3 Rh8 39. Ke3 Kg7 
40. Bb6 Rb8 41. Ba7 Ra8 42. Bb6 Rb8 43. Bd4 hxg5 44. hxg5 Rh8 45. Kd2 Bxe2 
46. Kxe2 Kf8 47. Ba7 Ke8 48. Rf1 Rh2+ 49. Bf2 Bc5 50. Kf3 Bxf2 51. Rxf2 Rh3+ 
52. Ke2 Kd7 53. Rf3 Rh2+ 54. Rf2 Rh3 55. Kd2 Kc6 56. Kc2 Rh4 57. b3 Kc5 
58. Kb2 Kd5 59. Rd2+ Ke4 60. bxa4 bxa4 61. Rd4+ Ke3 62. Rxa4 Rxf4 63. Rxf4 Kxf4 
64. c4 Kxg5 65. c5 f4 66. Kc2 f3 67. Kd2 Kf4 68. c6 Kg3 69. c7 f2 70. c8=Q f1=Q 
71. Qg8+ Kh3 72. Qh8+ Kg2 73. Qg7+ Kh3 74. Qh7+ Kg4 75. Qg7+ Kh5 76. Qg3 Qc4 
77. Qg7 Qd5+ 78. Kc1 Kh4 79. Kb2 Qb7+ 80. Ka1 Qf3 81. Ka2 Qe2+ 82. Ka1 Qc4 
83. Qxf7 Qc1+ 84. Ka2 Qc2+ 85. Ka1 Qc3+ 86. Kb1 Qxa3 1/2-1/2

[Event "Wednesday Jan 31 Engine Tour 9 Rd Swiss 12m+1s Starts at 1600hrs ST"]
[Site "Infinity Chess"]
[Date "2018.1.31"]
[Round "6"]
[White "KhalidOmar"]
[Black "SkyPilot"]
[Result "1/2-1/2"]
[ECO "A48"]
[WhiteElo "2451"]
[BlackElo "2507"]
[WhiteEngine "Eman 1.69 64-bit BMI2"]
[BlackEngine "stockfish_x64_bmi2_2018_01_23_CTG"]
[EventType "Swiss"]
[WhiteTeam ""]
[BlackTeam ""]
[PlyCount "109"]
[TimeControl "720+1"]

1. d4 Nf6 2. Nf3 g6 3. e3 Bg7 4. Be2 c5 5. O-O O-O 6. dxc5 Qa5 7. a3 Qxc5 
8. b4 Qc7 9. Bb2 d6 10. c4 b6 11. Nc3 Bb7 12. Rc1 Nbd7 13. Qd3 Rac8 14. Nd2 Ne5 
15. Qb1 Qd8 16. Rfd1 a6 17. f4 Ned7 18. Qd3 Rc7 19. e4 Qa8 20. Bf3 Rfc8 
21. Re1 e5 22. f5 b5 23. cxb5 axb5 24. fxg6 hxg6 25. Kh1 Nb6 26. Qxd6 Qa6 
27. Nd5 Nbxd5 28. Qxa6 Bxa6 29. exd5 Rc2 30. Rxc2 Rxc2 31. Bc1 Bh6 32. Ne4 Bxc1 
33. Nxf6+ Kg7 34. Ne8+ Kf8 35. Nf6 Ke7 36. Ng4 f6 37. Rd1 Bxa3 38. d6+ Kd8 
39. Nxf6 Bxb4 40. Ng4 Rc5 41. Be4 Ba5 42. h4 b4 43. Rb1 Kd7 44. Bxg6 Kxd6 
45. Nf2 Bb7 46. Kh2 Bd5 47. h5 Ke7 48. g4 Rc4 49. Re1 Kf6 50. g5+ Kg7 
51. Kh3 Be6+ 52. Kg2 Bd5+ 53. Kh3 Be6+ 54. Kg2 Bd5+ 55. Kh3 1/2-1/2

[Event "Wednesday Jan 31 Engine Tour 9 Rd Swiss 12m+1s Starts at 1600hrs ST"]
[Site "Infinity Chess"]
[Date "2018.1.31"]
[Round "5"]
[White "BraveDevil"]
[Black "ocirema"]
[Result "1/2-1/2"]
[ECO "C26"]
[WhiteElo "2399"]
[BlackElo "2432"]
[WhiteEngine "Cryptic Heroes V4.2"]
[BlackEngine "stockfish_18013111_x64_modern"]
[EventType "Swiss"]
[WhiteTeam ""]
[BlackTeam ""]
[PlyCount "157"]
[TimeControl "720+1"]

1. e4 e5 2. Nc3 Nf6 3. Nf3 Nc6 4. Bb5 Nd4 5. Ba4 c6 6. Nxe5 d6 7. Nf3 Bg4 
8. d3 Bh5 9. Rg1 b5 10. Bb3 a5 11. a3 d5 12. exd5 Nxb3 13. cxb3 Nxd5 14. g4 Bg6 
15. h4 Nxc3 16. bxc3 Be7 17. Nd4 Bxh4 18. Qe2+ Kf8 19. Be3 Bf6 20. g5 Bxd4 
21. cxd4 Qd5 22. Qc2 a4 23. b4 Ke7 24. Kd2 Rhd8 25. Rac1 Rac8 26. Qc5+ Rd6 
27. Rc2 Kd7 28. Rgc1 f6 29. gxf6 Qxc5 30. Rxc5 gxf6 31. f4 Bf7 32. f5 h5 
33. Rg1 Rg8 34. Rxg8 Bxg8 35. Bf2 Ke7 36. Rc1 Bd5 37. Ke3 Rd8 38. Rg1 Rg8 
39. Rxg8 Bxg8 40. Bg3 Bd5 41. Kf4 Ba2 42. Bh4 Bd5 43. Be1 Bg2 44. Bg3 Kf7 
45. Bh4 Bh1 46. Ke3 Bd5 47. Bg3 Ba2 48. Be1 Kf8 49. Bg3 Ke7 50. Ke2 Bf7 
51. Ke3 Kd7 52. Kd2 Bg8 53. Ke3 Bh7 54. Ke4 Bg8 55. Kf4 Bh7 56. Bh4 Ke7 
57. Bg3 Kf7 58. Ke4 Ke7 59. d5 cxd5+ 60. Kxd5 Bxf5 61. d4 Be6+ 62. Kc6 Bd7+ 
63. Kc5 Ke6 64. d5+ Kf5 65. Kd6 Kg4 66. Kxd7 Kxg3 67. Ke8 h4 68. d6 h3 69. d7 h2 
70. d8=Q h1=Q 71. Qc7+ Kg4 72. Qg7+ Kf5 73. Qd7+ Kf4 74. Qc7+ Ke3 75. Qc3+ Ke2 
76. Qc2+ Ke3 77. Qc3+ Ke2 78. Qc2+ Ke3 79. Qc3+ 1/2-1/2

[Event "Wednesday Jan 31 Engine Tour 9 Rd Swiss 12m+1s Starts at 1600hrs ST"]
[Site "Infinity Chess"]
[Date "2018.1.31"]
[Round "5"]
[White "CrapCleaner"]
[Black "HOBO"]
[Result "1/2-1/2"]
[ECO "C50"]
[WhiteElo "2434"]
[BlackElo "2415"]
[WhiteEngine "Eman 1.68c 64-bit BMI2_CTG"]
[BlackEngine "stockfish_18011309_x64_modern_CTG"]
[EventType "Swiss"]
[WhiteTeam ""]
[BlackTeam ""]
[PlyCount "164"]
[TimeControl "720+1"]

1. e4 e5 2. Nf3 Nc6 3. Bc4 Bc5 4. d3 Nf6 5. c3 d6 6. O-O a5 7. Bg5 h6 8. Bh4 g5 
9. Bg3 O-O 10. Nbd2 Ba7 11. Re1 Nh7 12. h3 g4 13. hxg4 Bxg4 14. Qb3 a4 
15. Qc2 Qf6 16. Kh1 Qg7 17. Nh4 Kh8 18. Ndf3 Rg8 19. Rg1 Bb6 20. Rae1 Be6 
21. Qd2 Ng5 22. b4 axb3 23. axb3 Kh7 24. Qc2 Kh8 25. b4 Ne7 26. Nh2 Ng6 
27. Bxe6 fxe6 28. N4f3 Raf8 29. c4 Qe7 30. Rc1 c5 31. b5 Nf7 32. Qd1 Rg7 
33. Nd2 Ba5 34. Rc2 Bxd2 35. Rxd2 Qg5 36. Qe1 h5 37. f3 Rfg8 38. Bf2 Qf6 
39. Be3 Ng5 40. Bf2 Nf4 41. Qf1 Qe7 42. Qe1 Qf6 43. Be3 Qd8 44. Ra2 Qf6 
45. Rd2 Qe7 46. Bf2 Nh7 47. Bh4 Qf7 48. Qe3 Nf8 49. Rc2 N4g6 50. Bf2 Nf4 
51. Bh4 N8g6 52. Bg5 Kh7 53. Ra2 Ne7 54. Bh4 b6 55. Qe1 Neg6 56. Bg5 Qf8 
57. Ra3 Qf7 58. Ra2 Kh8 59. Bh6 Rh7 60. Bg5 Nxd3 61. Qd1 Nb4 62. Rd2 d5 
63. f4 Nxf4 64. Nf3 Qg6 65. exd5 exd5 66. Bxf4 exf4 67. cxd5 Rd7 68. d6 Re8 
69. Qa1+ Kh7 70. Re1 Re3 71. Ne5 Qf6 72. Kg1 Rxd6 73. Rxd6 Rxe1+ 74. Qxe1 Qxd6 
75. Qb1+ Kg7 76. Qf5 Qf6 77. Qxh5 Nd5 78. Qg4+ Kh6 79. Qh3+ Kg5 80. Qg4+ Kh6 
81. Qh3+ Kg5 82. Qg4+ Kh6 1/2-1/2

[Event "Wednesday Jan 31 Engine Tour 9 Rd Swiss 12m+1s Starts at 1600hrs ST"]
[Site "Infinity Chess"]
[Date "2018.1.31"]
[Round "5"]
[White "Dinkelberger"]
[Black "Satria_Ungu"]
[Result "1/2-1/2"]
[ECO "C65"]
[WhiteElo "2381"]
[BlackElo "2365"]
[WhiteEngine "stockfish_18013111_x64_modern_CTG"]
[BlackEngine "Houdini 6_CTG"]
[EventType "Swiss"]
[WhiteTeam ""]
[BlackTeam ""]
[PlyCount "151"]
[TimeControl "720+1"]

1. e4 e5 2. Nf3 Nc6 3. Bb5 Nf6 4. O-O Nxe4 5. Re1 Nd6 6. Nxe5 Be7 7. Bf1 Nxe5 
8. Rxe5 O-O 9. d4 Bf6 10. Re1 Re8 11. c3 Rxe1 12. Qxe1 Ne8 13. Bf4 d5 
14. Nd2 Bf5 15. Nb3 Nd6 16. Qe2 b6 17. Re1 c6 18. Nc1 Qd7 19. Qd1 g5 20. Be5 Be7 
21. Bd3 Bg6 22. Qe2 Rc8 23. Bg3 Bf6 24. Qf3 Re8 25. Rxe8+ Nxe8 26. Bxg6 hxg6 
27. Nd3 g4 28. Qf4 Kh7 29. a4 Kg7 30. Kf1 Kh7 31. Kg1 Kg7 32. Kf1 Qc8 
33. Qe3 Qd7 34. Bb8 Kf8 35. Be5 Qf5 36. Bxf6 Nxf6 37. Ke2 Ne4 38. f3 gxf3+ 
39. gxf3 Nd6 40. Qe5 Qd7 41. b3 a5 42. Qh8+ Ke7 43. Qh4+ Kf8 44. Qf6 Kg8 
45. Nf2 Ne8 46. Qe5 f6 47. Qb8 b5 48. Qa8 bxa4 49. bxa4 Qe6+ 50. Kf1 Qe3 
51. Qxc6 Kh7 52. Qxd5 Qxc3 53. h3 Ng7 54. Kg1 Qa1+ 55. Kh2 Qxa4 56. Kg2 Qa3 
57. Ng4 Qb2+ 58. Kf1 Qc1+ 59. Ke2 f5 60. Ne5 a4 61. Qd6 Qc2+ 62. Kf1 Qd1+ 
63. Kg2 Qe2+ 64. Kg1 Qe3+ 65. Kf1 Qc1+ 66. Ke2 Qg1 67. Kd3 Qb1+ 68. Ke2 Qg1 
69. Qf6 a3 70. Qh4+ Kg8 71. Qe7 a2 72. Qd8+ Kh7 73. Qh4+ Kg8 74. Qd8+ Kh7 
75. Qh4+ Kg8 76. Qd8+ 1/2-1/2

[Event "Wednesday Jan 31 Engine Tour 9 Rd Swiss 12m+1s Starts at 1600hrs ST"]
[Site "Infinity Chess"]
[Date "2018.1.31"]
[Round "5"]
[White "ivrdurant"]
[Black "star99"]
[Result "1/2-1/2"]
[ECO "C43"]
[WhiteElo "2386"]
[BlackElo "2384"]
[WhiteEngine "Raubfisch X37c_CTG"]
[BlackEngine "Cryptic Heroes V4.2"]
[EventType "Swiss"]
[WhiteTeam ""]
[BlackTeam ""]
[PlyCount "113"]
[TimeControl "720+1"]

1. e4 e5 2. Nf3 Nf6 3. d4 Nxe4 4. Bd3 d5 5. Nxe5 Nd7 6. Nxd7 Bxd7 7. O-O Bd6 
8. Qh5 O-O 9. Qxd5 Qh4 10. g3 Nf6 11. Qxf7+ Rxf7 12. gxh4 Ng4 13. f4 Rf6 
14. h3 Nh6 15. Nd2 Bxh3 16. Ne4 Rg6+ 17. Ng5 Bxf1 18. Bxg6 hxg6 19. Kxf1 Nf5 
20. c3 Nxh4 21. Bd2 Rf8 22. Kf2 Be7 23. Ke2 c6 24. Rh1 Ng2 25. Nh3 Rf5 
26. Rg1 Nh4 27. a4 Rh5 28. Nf2 c5 29. dxc5 Bxc5 30. Be3 Bxe3 31. Kxe3 Nf5+ 
32. Ke4 Nd6+ 33. Kf3 Kf7 34. b3 b6 35. Rd1 Ke7 36. b4 Rh8 37. Rc1 a5 
38. bxa5 bxa5 39. Re1+ Kd7 40. Rd1 Ke7 41. Re1+ Kd7 42. Rg1 Rc8 43. Ne4 Nxe4 
44. Kxe4 Rc4+ 45. Ke5 Ke8 46. Rxg6 Kf7 47. Rb6 Rxa4 48. Rb7+ Kf8 49. Ra7 Rc4 
50. f5 a4 51. Ra8+ Ke7 52. Ra5 Rxc3 53. Ra7+ Kf8 54. Rxa4 Rc1 55. Ra7 Re1+ 
56. Kd4 Rc1 57. Rb7 1/2-1/2

[Event "Wednesday Jan 31 Engine Tour 9 Rd Swiss 12m+1s Starts at 1600hrs ST"]
[Site "Infinity Chess"]
[Date "2018.1.31"]
[Round "5"]
[White "Ryzen"]
[Black "Cepri"]
[Result "1/2-1/2"]
[ECO "A05"]
[WhiteElo "2384"]
[BlackElo "2423"]
[WhiteEngine "Houdini 6"]
[BlackEngine "asmFishW_07N17_CTG"]
[EventType "Swiss"]
[WhiteTeam ""]
[BlackTeam ""]
[PlyCount "110"]
[TimeControl "720+1"]

1. Nf3 Nf6 2. g3 d5 3. Bg2 c5 4. d3 Nc6 5. Bf4 Ng4 6. Bd2 e5 7. e4 d4 8. a4 Be7 
9. O-O Be6 10. Na3 O-O 11. b3 Nf6 12. Nc4 Nd7 13. Ne1 b6 14. f4 a6 15. h4 f6 
16. f5 Bf7 17. Nb2 b5 18. Bf3 Nb6 19. Bh5 Bxh5 20. Qxh5 c4 21. dxc4 bxc4 
22. bxc4 Qc7 23. Ned3 a5 24. Rfc1 Rfc8 25. Qe2 Nb4 26. Nxb4 axb4 27. Rcb1 Ra5 
28. Qd3 Qc6 29. Qb3 Nd7 30. Bxb4 Bxb4 31. Qxb4 Ra7 32. Qe1 Qa8 33. Nd3 Rxa4 
34. g4 h6 35. g5 hxg5 36. hxg5 fxg5 37. Rxa4 Qxa4 38. Qd2 g4 39. c5 g3 
40. Qe2 Qc6 41. Qg4 Qh6 42. Qxg3 Nxc5 43. Qxe5 Nxd3 44. cxd3 Qe3+ 45. Kh1 Qxd3 
46. Rb8 Qf1+ 47. Kh2 Rxb8 48. Qxb8+ Kh7 49. Qe8 Qe2+ 50. Kg3 d3 51. e5 d2 
52. Qg6+ Kh8 53. Qe8+ Kh7 54. Qg6+ Kh8 55. Qe8+ Kh7 1/2-1/2

[Event "Wednesday Jan 31 Engine Tour 9 Rd Swiss 12m+1s Starts at 1600hrs ST"]
[Site "Infinity Chess"]
[Date "2018.1.31"]
[Round "5"]
[White "RonWeasley"]
[Black "hafaba"]
[Result "1/2-1/2"]
[ECO "B00"]
[WhiteElo "2467"]
[BlackElo "2446"]
[WhiteEngine "BrainFish 060118_CTG"]
[BlackEngine "SF_SL_FA_64BIT_POPCNT_CTG"]
[EventType "Swiss"]
[WhiteTeam ""]
[BlackTeam ""]
[PlyCount "104"]
[TimeControl "720+1"]

1. e4 Nc6 2. Nc3 e5 3. g3 Bc5 4. Na4 d6 5. d3 f5 6. Qh5+ g6 7. Qd1 Nf6 
8. Bg2 fxe4 9. dxe4 Be6 10. Ne2 h6 11. O-O g5 12. Nec3 Bc4 13. Re1 Bd4 
14. Nd5 Rf8 15. Be3 Qd7 16. Rc1 Bxe3 17. fxe3 O-O-O 18. b3 Bxd5 19. exd5 Ne7 
20. c4 Kb8 21. e4 h5 22. c5 h4 23. Qe2 hxg3 24. hxg3 c6 25. cxd6 Qxd6 
26. Nc5 cxd5 27. exd5 e4 28. Nxe4 Nxe4 29. Qxe4 Qxg3 30. Qe5+ Qxe5 31. Rxe5 Ng6 
32. Rxg5 Nf4 33. Rc4 Rf7 34. Rc2 Rh8 35. Rg4 Nxg2 36. Kxg2 Rf5 37. d6 Rd5 
38. Rg6 Rd8 39. Kf2 R5xd6 40. Rxd6 Rxd6 41. Kg2 b5 42. Kf3 Kb7 43. Rg2 Kb6 
44. Ke3 Ka5 45. a3 b4 46. Rg5+ Kb6 47. axb4 a6 48. Kf4 Rd3 49. Ke4 Rxb3 
50. Rg6+ Kb5 51. Kd4 Rxb4+ 52. Kc3 a5 1/2-1/2

[Event "Wednesday Jan 31 Engine Tour 9 Rd Swiss 12m+1s Starts at 1600hrs ST"]
[Site "Infinity Chess"]
[Date "2018.1.31"]
[Round "5"]
[White "Vimtiroba"]
[Black "Eman"]
[Result "1/2-1/2 "]
[ECO "B90"]
[WhiteElo "2463"]
[BlackElo "2485"]
[WhiteEngine "SF@J30 cc_CTG"]
[BlackEngine "Eman 1.69 64-bit POPCNT"]
[EventType "Swiss"]
[WhiteTeam ""]
[BlackTeam ""]
[PlyCount "154"]
[TimeControl "720+1"]

1. e4 c5 2. Nf3 d6 3. d4 cxd4 4. Nxd4 Nf6 5. Nc3 a6 6. Be3 e5 7. Nb3 Be6 
8. f3 Nbd7 9. Qd2 Be7 10. g4 O-O 11. O-O-O b5 12. g5 Nh5 13. Kb1 Nb6 
14. Nd5 Nxd5 15. exd5 Bf5 16. Na5 f6 17. h4 Ng3 18. Nc6 Qd7 19. Rg1 Nxf1 
20. Rdxf1 Bg6 21. Rf2 fxg5 22. hxg5 Rae8 23. Qa5 Qb7 24. Rgf1 Bd8 25. Qb4 Qc7 
26. b3 Rf5 27. Qd2 a5 28. f4 exf4 29. Bxf4 Qd7 30. Be3 Rxf2 31. Rxf2 a4 
32. Kb2 Qg4 33. Nxd8 Rxd8 34. Qd4 Qc8 35. Qb6 Re8 36. Bd4 Qd7 37. Rf3 Bf7 
38. Bc3 Ra8 39. Qd4 Bg6 40. Bb4 axb3 41. Rxb3 Qf5 42. Qd2 Re8 43. Bc3 Qd7 
44. Rb4 Rc8 45. Qf2 Rc5 46. Qd4 Qc7 47. a3 Bf5 48. Qe3 Qd7 49. Rd4 Rc8 
50. Rd2 Re8 51. Qb6 Bg6 52. Bb4 Rd8 53. Rd1 Bf7 54. Rd3 Qe7 55. Rg3 Qd7 
56. Rc3 Qe7 57. Bxd6 Qxg5 58. Be5 Bxd5 59. Bd4 Re8 60. Qxb5 Qd8 61. Bb6 Qa8 
62. a4 Bf7 63. a5 Rc8 64. Rxc8+ Qxc8 65. Bd4 Bc4 66. Qe5 Qd7 67. Qb8+ Kf7 
68. Qf4+ Kg8 69. Bc5 Qb5+ 70. Kc3 Bf7 71. Qb4 Qc6 72. Qb6 Qf3+ 73. Kb4 Qe4+ 
74. Bd4 h5 75. Qd8+ Kh7 76. Qd7 Kg8 77. Qd8+ Kh7 1/2-1/2

[Event "Wednesday Jan 31 Engine Tour 9 Rd Swiss 12m+1s Starts at 1600hrs ST"]
[Site "Infinity Chess"]
[Date "2018.1.31"]
[Round "5"]
[White "MCDermont"]
[Black "Ninja_Bp"]
[Result "1/2-1/2 "]
[ECO "C53"]
[WhiteElo "2487"]
[BlackElo "2474"]
[WhiteEngine "BrainFish 060118_CTG"]
[BlackEngine "Houdini 6_CTG"]
[EventType "Swiss"]
[WhiteTeam ""]
[BlackTeam ""]
[PlyCount "161"]
[TimeControl "720+1"]

1. e4 e5 2. Nf3 Nc6 3. Bc4 Bc5 4. c3 Nf6 5. d3 d6 6. Bb3 O-O 7. O-O Re8 
8. Bg5 h6 9. Bh4 a6 10. Nbd2 Be6 11. h3 g5 12. Bg3 Ba7 13. a4 Nh5 14. Bh2 Ng7 
15. Kh1 Qe7 16. Bxe6 Qxe6 17. Rb1 Qg6 18. Nc4 h5 19. Qd2 Ne6 20. b4 b5 
21. Ne3 Ne7 22. Ra1 Bb6 23. Bg3 f6 24. Qa2 Qf7 25. Qd2 bxa4 26. Rxa4 f5 
27. Nxf5 Nxf5 28. exf5 Qxf5 29. Re1 Nf4 30. Bxf4 Qxf4 31. Qa2+ Kg7 32. Re4 Qf5 
33. b5 a5 34. Qd2 Kh8 35. Nxg5 Bxf2 36. Ra1 Bg3 37. Nf3 d5 38. Rea4 Bf4 
39. Qe2 Rf8 40. Rf1 Kg8 41. Nh4 Qg5 42. Nf3 Qf5 43. Nh2 Qg6 44. Rg1 Bg3 
45. Rf1 Bf4 46. Rd1 Bg3 47. Qa2 Qd6 48. Nf3 Qd7 49. Qd2 Bf4 50. Qb2 Bg3 
51. Qc1 Bf4 52. Qb1 Bg3 53. Rf1 Qh7 54. Nh2 Qg6 55. Qd1 Kg7 56. c4 e4 
57. dxe4 dxe4 58. Qd4+ Kh7 59. Qe3 Be5 60. c5 Qg3 61. Qxg3 Bxg3 62. Rxe4 Rab8 
63. Rb1 Rf5 64. Re7+ Kh6 65. Re6+ Kg7 66. Re7+ Kf6 67. Re3 Bxh2 68. Kxh2 Rxc5 
69. Rf1+ Rf5 70. Rc1 Rbxb5 71. Rc6+ Kg5 72. Rxc7 Kf4 73. Rf3+ Kg5 74. Ra3 Kf6 
75. Ra7 Kg6 76. Ra6+ Kf7 77. h4 Rb4 78. Ra7+ Ke6 79. Re3+ Kf6 80. Kh3 Rbb5 
81. Re8 1/2-1/2

[Event "Wednesday Jan 31 Engine Tour 9 Rd Swiss 12m+1s Starts at 1600hrs ST"]
[Site "Infinity Chess"]
[Date "2018.1.31"]
[Round "5"]
[White "SkyPilot"]
[Black "angriff"]
[Result "1/2-1/2"]
[ECO "B00"]
[WhiteElo "2510"]
[BlackElo "2435"]
[WhiteEngine "stockfish_x64_bmi2_2018_01_23_CTG"]
[BlackEngine "SF_SL_FA_64BIT_POPCNT_CTG"]
[EventType "Swiss"]
[WhiteTeam ""]
[BlackTeam ""]
[PlyCount "98"]
[TimeControl "720+1"]

1. e4 Nc6 2. Nf3 e5 3. Bc4 Bc5 4. O-O Nf6 5. d3 d6 6. c3 a5 7. Re1 O-O 
8. Nbd2 Bd7 9. Nf1 h6 10. Bb3 Qb8 11. a4 Qa7 12. Be3 Rae8 13. Bxc5 Qxc5 
14. h3 Qb6 15. Ne3 Ne7 16. Nh4 Qa7 17. Bc2 Qb6 18. Qd2 c5 19. Rad1 Rd8 
20. d4 cxd4 21. cxd4 Qxb2 22. Nc4 Qxd4 23. Qxd4 exd4 24. Nxd6 Nc6 25. Nxb7 Rb8 
26. Nc5 Rb4 27. e5 Rc4 28. Nxd7 Nxd7 29. Bd3 Rc3 30. Nf3 Rd8 31. Bb5 Nf8 
32. Bxc6 Rxc6 33. Nxd4 Rc4 34. Nf5 Rxd1 35. Rxd1 Ne6 36. Ne7+ Kf8 37. Rd7 g6 
38. Ra7 Nd4 39. Nd5 Rxa4 40. Ra8+ Kg7 41. Nf6 h5 42. Rg8+ Kh6 43. h4 Ra1+ 
44. Kh2 Nf5 45. g4 hxg4 46. Rh8+ Kg7 47. Rg8+ Kh6 48. Rh8+ Kg7 49. Rg8+ Kh6 
1/2-1/2